 Dungeon Crawl Stone Soup version 0.29.1 (webtiles) character file.

Game seed: 13517164953938656661

873 EvilAshe the Carver (level 8, 0/58 HPs)
             Began as a Human Fighter on Sept 14, 2022.
             Slain by an orc
             ... wielding a +0 flail
              (5 damage)
             ... on level 5 of the Dungeon.
             The game lasted 00:12:28 (6566 turns).

EvilAshe the Carver (Human Fighter)                 Turns: 6566, Time: 00:12:29

Health: 0/58       AC:  9    Str: 18    XL:     8   Next: 24%
Magic:  8/8        EV:  6    Int:  9    God:
Gold:   263        SH:  4    Dex: 13    Spells: 7/7 levels left

rFire   . . .      SeeInvis .   a - +0 long sword
rCold   . . .      Faith    .   c - +0 buckler
rNeg    . . .      Spirit   .   g - +0 chain mail
rPois   .          Reflect  .   (no helmet)
rElec   .          Harm     .   (no cloak)
rCorr   .          Rampage  .   (no gloves)
Will    .....                   (no boots)
Stlth   ..........              (no amulet)
HPRegen 0.19/turn               (no ring)
MPRegen 0.11/turn               (no ring)

@: no status effects
A: no striking features
a: no special abilities


You were on level 5 of the Dungeon.
You visited 2 branches of the dungeon, and saw 6 of its levels.

You collected 263 gold pieces.

Inventory:

Hand Weapons
 a - a +0 long sword (weapon)
Missiles
 e - 58 stones
 s - 6 poisoned darts
Armour
 c - a +0 buckler (worn)
 g - a +0 chain mail (worn)
Jewellery
 p - a ring of ice
Wands
 d - a wand of light (1) (quivered)
Scrolls
 b - a scroll of vulnerability {unknown}
 f - a scroll of teleportation {unknown}
 h - a scroll of magic mapping {unknown}
 j - a scroll of amnesia {unknown}
 k - 2 scrolls of identify
 m - a scroll of immolation {unknown}
 n - a scroll of fear {unknown}
 o - a scroll of poison {unknown}
 q - a scroll of butterflies {unknown}
 r - a scroll of enchant armour {unknown}
Potions
 i - a potion of curing
 l - a potion of attraction
 t - a potion of might


   Skills:
 - Level 3.0 Fighting
 * Level 9.1 Long Blades
 - Level 3.0 Armour
 - Level 3.0 Shields


You had 7 spell levels left.
You didn't know any spells.
Your spell library contained the following spells:

 Spells                   Type           Power      Damage    Failure   Level
 Summon Guardian Golem    Hex/Summ       0%         N/A       100%        3
 Orb of Destruction       Conj           0%         9d5       100%        7
 Spellforged Servitor     Conj/Summ      0%         N/A       100%        7


Dungeon Overview and Level Annotations

Branches:
Dungeon (5/15)             Temple (1/1) D:4

Altars:
Ashenzari
Cheibriados
Fedhas
Gozag
Kikubaaqudgha
Makhleb
Nemelex Xobeh
Okawaru
Ru
Trog
Vehumet
Wu Jian
Zin


Message History

The orc priest hits you with a +0 trident.
You closely miss the orc priest.
The orc priest hits you with a +0 trident.
You barely miss the orc priest. The orc priest barely misses you.
You barely miss the orc priest.
The orc priest hits you but does no damage.
The orc hits you with a +0 flail.
* * * LOW HITPOINT WARNING * * *
You hit the orc priest.
The orc priest is lightly wounded.
The orc priest hits you with a +0 trident.
* * * LOW HITPOINT WARNING * * *
The orc completely misses you.
You hit the orc priest.
The orc priest is lightly wounded.
The orc priest hits you but does no damage.
The orc hits you with a +0 flail.
* * * LOW HITPOINT WARNING * * *
You slash the orc priest!
The orc priest is almost dead.
The orc priest hits you but does no damage.
You block the orc's attack.
You barely miss the orc priest.
The orc priest is almost dead.
The orc priest hits you with a +0 trident.
* * * LOW HITPOINT WARNING * * *
The orc zaps a wand.
The puff of flame hits you.
* * * LOW HITPOINT WARNING * * *
You closely miss the orc priest.
The orc priest is almost dead.
The orc priest hits you with a +0 trident.
* * * LOW HITPOINT WARNING * * *
You block the orc's attack.
You hit the orc priest.
You kill the orc priest!
The orc hits you but does no damage.
You barely miss the orc. The orc hits you but does no damage.
You hit the orc but do no damage. The orc barely misses you.
You hit the orc but do no damage. The orc hits you with a +0 flail.
You die...

##.8.## ###
##.8.8.##
##.8.#.8.##
##.8.###.8.##
##.8.##.##.8.##
##.8.##.8.##.8.##
##.8.##.8.8.##.8.##
#.8.##.8.oo8.##.8.##
.8.##.8.##).[.##@8.#
#.8.## ##.8..o8)##
##.8.## ##.8.8.##
##.8.## ##.8.##
########## ##.8.##
##.## #........#
##.8.## ###
########.# ##.8.##
#######.## ##.8.##
### #........#
##.8.## ##.##
#.#####..##


You could see an orc.

Vanquished Creatures
  An ogre (D:5)
  A phantom (D:5)
  2 necrophages
  2 scorpions (D:5)
  2 hounds
  An orc priest (D:5)
  Ijyb (D:3)
  Jessica (D:3)
  Natasha (D:4)
  4 orc wizards
  7 adders
  3 gnolls
  A shadow imp (D:5)
  2 worms
  A dart slug (D:1)
  16 orcs
  8 ball pythons
  2 bats
  7 endoplasms
  5 giant cockroaches
  4 goblins
  8 hobgoblins
  6 jackals (D:1)
  6 kobolds
  5 quokkas
  A frilled lizard (D:1)
  8 rats
106 creatures vanquished.

Notes
Turn   | Place    | Note
-------+----------+-------------------------------------------
     0 | D:1      | EvilAshe the Human Fighter began the quest for the Orb.
     0 | D:1      | Reached XP level 1. HP: 18/18 MP: 1/1
   208 | D:1      | Reached XP level 2. HP: 15/24 MP: 2/2
   569 | D:1      | Reached skill level 3 in Long Blades
   790 | D:1      | Reached XP level 3. HP: 19/29 MP: 3/3
  1876 | D:2      | Reached skill level 4 in Long Blades
  1876 | D:2      | Reached XP level 4. HP: 35/35 MP: 4/4
  2006 | D:2      | Found a faded altar of an unknown god.
  2842 | D:4      | Reached skill level 5 in Long Blades
  2842 | D:4      | Reached XP level 5. HP: 31/41 MP: 5/5
  3425 | D:3      | Reached XP level 6. HP: 34/47 MP: 6/6
  3780 | D:3      | Noticed Jessica
  3789 | D:3      | Killed Jessica
  3790 | D:3      | Reached skill level 6 in Long Blades
  3885 | D:3      | Noticed Ijyb
  3914 | D:3      | Killed Ijyb
  4349 | D:4      | Found an opulent altar of Gozag.
  4362 | D:4      | Noticed an ogre
  4957 | D:4      | Reached skill level 7 in Long Blades
  4957 | D:4      | Reached XP level 7. HP: 50/52 MP: 7/7
  5125 | D:5      | Entered Level 5 of the Dungeon
  5153 | D:4      | Found a staircase to the Ecumenical Temple.
  5165 | Temple   | Entered the Ecumenical Temple
  5681 | D:4      | Noticed Natasha
  5691 | D:4      | Killed Natasha
  6012 | D:5      | Reached skill level 8 in Long Blades
  6182 | D:5      | Reached XP level 8. HP: 16/58 MP: 8/8
  6420 | D:5      | Reached skill level 9 in Long Blades
  6566 | D:5      | Slain by an orc

Illustrated notes

Levels and vault maps discovered:
D:1:      minmay_arrival_shattered_statue, layout_basic, minmay_misc_feat_tiny,
          minmay_misc_feat_ornament, serial_park_tiny_2
D:2:      layout_rooms, ebering_ecumenical_altar_ruins
D:3:      layout_loops_corners, minmay_misc_feat_iff, uniq_jessica, uniq_ijyb
D:4:      layout_basic, nicolae_gozag_cash_rules_everything_around_me,
          minmay_temple_entry_mini_moons, nicolae_titane, uniq_natasha
D:5:      minmay_inner_zag, layout_loops_corners, minmay_ogre_servants
Temple:   hc_temple_tempest_star

Skill      XL: |  1  2  3  4  5  6  7  8 |
---------------+-------------------------+-----
Long Blades    | 3 4 5 7 8 9 |  9.1
Fighting       | |  3.0
Armour         | |  3.0
Shields        | |  3.0

Action                   |  1- 3 |  4- 6 |  7- 9 || total
-------------------------+-------+-------+-------++-------
Melee: Long sword        |   106 |   193 |   150 ||   449
Throw: Stone             |       |    21 |       ||    21
Evoke: Wand              |       |     1 |       ||     1
  Use: Potion            |       |     4 |     2 ||     6
       Scroll            |       |     1 |       ||     1
Armor: Scale mail        |    57 |    48 |       ||   105
       Chain mail        |       |    34 |    72 ||   106
Dodge: Dodged            |    57 |    79 |    41 ||   177
Block: Buckler           |    20 |    26 |    34 ||    80
